 Dungeon Crawl Stone Soup version 0.31-a0-986-g5e6e4ef867 (webtiles) character file.

Game seed: 13608801414786229027

138 grandjackal the Slasher (level 5, -2/41 HPs)
             Began as a Demonspawn Gladiator on Nov 17, 2023.
             Succumbed to a scorpion's poison
             ... on level 3 of the Dungeon.
             The game lasted 00:04:39 (2369 turns).

grandjackal the Slasher (Demonspawn Gladiator)      Turns: 2369, Time: 00:04:39

Health: -2/41      AC:  4    Str: 17    XL:     5   Next: 1%
Magic:  5/5        EV: 12    Int: 11    God:
Gold:   136        SH:  0    Dex: 14    Spells: 2/4 levels left

rFire   . . .        a - +0 long sword
rCold   . . .        (no shield)
rNeg    . . .        b - +0 leather armour
rPois   +            c - +0 helmet
rElec   .            (no cloak)
rCorr   .            (no gloves)
SInv    .            (no boots)
Will    +....        (no amulet)
Stlth   +            p - ring of poison resistance
HPRegen 0.26/turn    (no ring)
MPRegen 0.09/turn

%: no passive effects
@: lethally poisoned (-2 -> -18), enlightened, flying
A: claws 1, ignite blood 1, powered by pain 1, big brain 1
a: no special abilities


You were on level 3 of the Dungeon.
You visited 1 branch of the dungeon, and saw 3 of its levels.

You collected 136 gold pieces.

Inventory:

Hand Weapons
 a - a +0 long sword (weapon)
Missiles
 d - 3 throwing nets
 e - a javelin
 i - 24 stones (quivered)
 l - 5 silver javelins
Armour
 b - a +0 leather armour (worn)
 c - a +0 helmet (worn)
Jewellery
 p - a ring of poison resistance (left claw)
 q - a ring of ice
Scrolls
 f - 2 scrolls of poison {unknown}
 g - 4 scrolls of identify {unknown}
 h - a scroll of enchant weapon {unknown}
 j - a scroll of revelation {unknown}
 k - 3 scrolls of fog {unknown}
 m - a scroll of acquirement {unknown}
 n - a scroll of amnesia {unknown}
 o - 2 scrolls of teleportation {unknown}
 s - a scroll of immolation {unknown}


   Skills:
 + Level 3.3 Fighting
 - Level 3.4 Long Blades
 - Level 2.0 Throwing
 - Level 3.0 Dodging
 + Level 2.0 Unarmed Combat
 + Level 0.5 Translocations


You had 2 spell levels left.
You knew the following spells:

 Your Spells              Type           Power      Damage    Failure   Level
a - Blink                 Tloc           2%         N/A       45%         2

Your spell library contained the following spells:

 Spells                   Type           Power      Damage    Failure   Level
 Lesser Beckoning         Tloc           2%         N/A       45%         2
 Momentum Strike          Conj/Tloc      0%         3d8       52%         2
 Call Canine Familiar     Summ           0%         N/A       78%         3
 Sigil of Binding         Hex            0%         N/A       78%         3
 Tukima's Dance           Hex            0%         N/A       78%         3
 Dimensional Bullseye     Hex/Tloc       0%         N/A       98%         4
 Passage of Golubria      Tloc           1%         N/A       98%         4
 Leda's Liquefaction      Hex/Erth       0%         N/A       99%         4
 Yara's Violent Unravell  Hex/Tmut       0%         3d3       100%        5


Dungeon Overview and Level Annotations

Branches:
Dungeon (3/15)

Altars:


Innate Abilities, Weirdness & Mutations

You have sharp fingernails.
Your demonic aura sometimes causes spilled blood to erupt in flames.
You sometimes gain a little power by taking damage.
You have an unusually large brain. (Int +2)


Message History

Unknown command.
You aren't carrying any items that you can evoke.
You slash the scorpion!
The scorpion is severely wounded.
The scorpion closely misses you. The scorpion stings you.
You hit the scorpion but do no damage.
The scorpion is severely wounded.
The scorpion barely misses you.
You hit the scorpion.
The scorpion is almost dead.
The scorpion closely misses you. x2
You barely miss the scorpion.
The scorpion is almost dead.
The scorpion completely misses you.
You hit the scorpion but do no damage. Your claw misses the scorpion.
The scorpion is almost dead.
The scorpion stings you.
You are poisoned.
The scorpion poisons you! The scorpion stings you.
* * * LOW HITPOINT WARNING * * *
You hit the scorpion but do no damage.
The scorpion is almost dead.
* * * LOW HITPOINT WARNING * * *
You feel very sick. The scorpion stings you.
* * * LOW HITPOINT WARNING * * *
Unknown command.
Okay, then.
It was a potion of enlightenment.
You feel very buoyant.
You fly up into the air.
* * * LOW HITPOINT WARNING * * *
You feel very sick. The scorpion stings you.
* * * LOW HITPOINT WARNING * * *
You are more poisoned.
The scorpion poisons you!
You closely miss the scorpion.
The scorpion is almost dead.
You die... #####.# #.# # #.# .# #.# ## ..# #.# .## gg.# #.# ..# gggg #.# #.##..# #.# #)gg.# #.# ##.#..# #@# #.# ..# #s# ..# ...
KK.

.## ##.
....# #.
#....#
..
.....#
.#
.#....#
.#
#.#....#
..


You could see a scorpion and 2 kobolds.

Vanquished Creatures
  Jessica (D:3)
  Robin (D:3)
  3 adders
  A dart slug (D:1)
  5 orcs (D:3)
  9 endoplasms
  3 giant cockroaches
  14 goblins
  7 hobgoblins
  2 jackals (D:3)
  A quokka (D:2)
  4 ball pythons
  3 bats
  4 frilled lizards
  2 kobolds
  3 rats
63 creatures vanquished.

Notes
Turn   | Place    | Note
-------+----------+-------------------------------------------
     0 | D:1      | grandjackal the Demonspawn Gladiator began the quest for
                  | the Orb.
     0 | D:1      | Reached XP level 1. HP: 16/16 MP: 1/1
   232 | D:1      | Gained mutation: You have sharp fingernails. [demonic
                  | ancestry]
   232 | D:1      | Reached XP level 2. HP: 22/22 MP: 2/2
   982 | D:2      | Gained mutation: You have an unusually large brain. (Int
                  | +2) [demonic ancestry]
   982 | D:2      | Reached XP level 3. HP: 12/28 MP: 3/3
  1289 | D:2      | Found a faded altar of an unknown god.
  1305 | D:2      | Reached skill level 1 in Unarmed Combat
  1647 | D:3      | Noticed Jessica
  1664 | D:3      | Killed Jessica
  1665 | D:3      | Gained mutation: You sometimes gain a little power by
                  | taking damage. [demonic ancestry]
  1665 | D:3      | Reached XP level 4. HP: 16/34 MP: 4/4
  1775 | D:3      | Noticed Robin
  1949 | D:3      | Killed Robin
  2121 | D:3      | Learned a level 2 spell: Blink
  2194 | D:3      | Gained mutation: Your demonic aura sometimes causes spilled
                  | blood to erupt in flames. [demonic ancestry]
  2194 | D:3      | Reached XP level 5. HP: 16/41 MP: 5/5
  2368 | D:3      | HP: 2/41 [scorpion (3)]
  2369 | D:3      | Succumbed to a scorpion's poison

Illustrated notes

Levels and vault maps discovered:
D:1:      sevenhm_arrival_forest_fort_large_3, layout_basic, minmay_cupped
D:2:      layout_rooms, chequers_ecumenical_altar_island, basic_altar
D:3:      layout_rooms, mainiacjoe_overflow_alcove_4, uniq_robin, uniq_jessica

Skill      XL: |  1  2  3  4 |
---------------+-------------+-----
Throwing       | 2 |  2.0
Dodging        | 3 |  3.0
Long Blades    | 3 |  3.4
Unarmed Combat | 1 2 |  2.0
Fighting       | 3 |  3.3
Translocations | |  0.5

Action                     |  1- 3 |  4- 6 || total
---------------------------+-------+-------++-------
  Melee: Long sword        |   106 |    99 ||   205
         Punch             |     1 |       ||     1
  Throw: Stone             |     3 |     4 ||     7
         Throwing net      |       |     4 ||     4
    Use: Potion            |       |     4 ||     4
   Stab: Sleeping          |     1 |       ||     1
         Distracted        |     1 |       ||     1
         Held in net/web   |       |     1 ||     1
 Armour: Leather armour    |    64 |    77 ||   141
  Dodge: Dodged            |    85 |    64 ||   149

Table legend: (Time is in decaauts)
 A = Elapsed time spent in this place.
 B = Non-inter-level travel time spent in this place.
 C = Inter-level travel time spent in this place.
 D = Time resting spent in this place.
 E = Time spent auto-exploring this place.
 F = Levels seen in this place.
 G = Mean time per level.
                   A        B        C        D        E       F      G
               +--------+--------+--------+--------+--------+-----+--------+
         Total |   2412 |   2349 |     63 |    397 |   1375 |   3 |  804.0 |
       Dungeon |   2412 |   2349 |     63 |    397 |   1375 |   3 |  804.0 |
               +--------+--------+--------+--------+--------+-----+--------+

Top non-repeatable levels by time:
     D:1: 1038 daAuts
     D:2: 721 daAuts
     D:3: 653 daAuts
